 Dungeon Crawl Stone Soup version 0.24.0-123-gd5b16e6ec5 (webtiles) character file.

Game seed: 11907869861639134450, levelgen mode: deterministic

204672 hyesun the Warrior (level 18, -11/142 HPs)
             Began as a Merfolk Gladiator on Jan 22, 2020.
             Was a High Priest of Hepliaklqana.
             Killed from afar by a tengu reaver (22 damage)
             ... with a bolt of magma
             ... on level 1 of the Vaults.
             The game lasted 02:04:53 (38985 turns).

hyesun the Warrior (Merfolk Gladiator)             Turns: 38985, Time: 02:04:54

Health: -11/142    AC: 35    Str: 24    XL:     18   Next: 65%
Magic:  0/33       EV: 11    Int: 11    God:    Hepliaklqana [*****.]
Gold:   831        SH: 14    Dex: 16    Spells: 12/22 levels left

rFire    + + +     SeeInvis .   a - +10 trident (freeze)
rCold    . . .     Gourm    .   i - +0 shield {AC+3}
rNeg     + + .     Faith    .   E - +7 chain mail of Quantum Leap {rPois rF+ Str+3 Dex-2}
rPois    +         Spirit   +   K - +2 hat
rElec    .         Reflect  .   M - +2 cloak {MR+}
rCorr    .         Harm     .   p - +1 pair of gloves {Dex+3}
MR       +++..                  S - +0 pair of boots
Stlth    ..........             G - amulet of guardian spirit
HPRegen  0.33/turn              C - ring of Law {Wiz rN++}
MPRegen  0.23/turn              H - ring of Seoso {rPois rF+ MP+9 AC+3}

@: hasted, very quick
A: change form in water, swift swim, stealthy swim, reduced essence, clever 1,
fire resistance 1, magic resistance 1, no potion heal 1
}: 1/15 runes: serpentine
a: Recall Ancestor, Ancestor Identity, Transference, Idealise, Renounce Religion


You were on level 1 of the Vaults.
You worshipped Hepliaklqana.
Hepliaklqana was extremely pleased with you.
You were not hungry.

You visited 6 branches of the dungeon, and saw 29 of its levels.
You also visited: Ossuary, Bailey and Wizlab.

You collected 2757 gold pieces.
You spent 1926 gold pieces at shops.

Inventory:

Hand Weapons
 a - a +10 trident of freezing (weapon)
Missiles
 c - 14 curare-tipped darts (quivered)
 d - 12 throwing nets
 o - 82 poisoned darts
 y - 5 javelins
 I - 15 silver javelins
Armour
 i - a +0 shield of protection (worn)
 p - a +1 pair of gloves of dexterity (worn)
 B - a scarf of resistance
 E - the +7 chain mail of Quantum Leap (worn) {rPois rF+ Str+3 Dex-2}
   (You bought it in a shop on level 10 of the Dungeon)

   It affects your strength (+3).
   It affects your dexterity (-2).
   It protects you from fire.
   It protects you from poison.
 K - a +2 hat (worn)
 M - a +2 cloak of magic resistance (worn)
 S - a +0 pair of boots (worn)
Jewellery
 w - the ring of Uzucis {rC+ rCorr Str+5 Int+3 Slay-2}
   (You took it off a balrug in a wizard's laboratory)

   [ring of resist corrosion]

   It affects your strength (+5).
   It affects your intelligence (+3).
   It affects your accuracy and damage with ranged weapons and melee attacks
   (-2).
   It protects you from cold.
   It provides partial protection from all sources of acid and corrosion.
 C - the ring of Law (left hand) {Wiz rN++}
   (You bought it in a shop on level 3 of the Snake Pit)

   [ring of wizardry]

   It improves your spell success rate.
   It greatly protects you from negative energy.
 G - an amulet of guardian spirit (around neck)
 H - the ring of Seoso (right hand) {rPois rF+ MP+9 AC+3}
   (You found it in a wizard's laboratory)

   [ring of protection]

   It affects your AC (+3).
   It protects you from fire.
   It protects you from poison.
   It affects your magic capacity (+9).
 O - an uncursed ring of flight
 Q - an uncursed ring of protection from cold
Wands
 k - a wand of paralysis (20)
 D - a wand of digging (9)
 J - a wand of acid (19)
 U - a wand of iceblast (30)
Scrolls
 e - 11 scrolls of identify
 g - 23 scrolls of remove curse
 h - 15 scrolls of teleportation
 n - a scroll of holy word
 q - a scroll of fog
 s - 3 scrolls of amnesia
 t - 4 scrolls of summoning
 F - 2 scrolls of blinking
 T - a scroll of silence
 V - 4 scrolls of fear
 Z - 3 scrolls of magic mapping
Potions
 l - 2 potions of lignification
 m - 10 potions of curing
 r - 2 potions of cancellation
 v - a potion of ambrosia
 x - a potion of resistance
 z - 2 potions of magic
 A - 2 potions of heal wounds
 L - a potion of berserk rage
 P - a potion of agility
 R - 2 potions of brilliance
 W - a potion of invisibility
Miscellaneous
 b - a box of beasts
 u - a lamp of fire
Comestibles
 f - 52 rations


   Skills:
 * Level 18.6 Fighting
 - Level 14.0 Polearms
 - Level 7.0 Throwing
 * Level 14.0 Armour
 - Level 4.0 Dodging
 - Level 0.2 Stealth
 - Level 15.0 Shields
 * Level 2.6 Spellcasting
 * Level 3.4 Charms
 * Level 1.8 Translocations
 + Level 8.4 Invocations
 + Level 1.5 Evocations


You had 12 spell levels left.
You knew the following spells:

 Your Spells              Type           Power        Failure   Level  Hunger
a - Blink                 Tloc           N/A          32%         2    ###....
b - Song of Slaying       Chrm           #.......     17%         2    ###....
c - Regeneration          Chrm/Necr      #.........   54%         3    ####...
d - Spectral Weapon       Hex/Chrm       #.......     54%         3    ####...

Your spell library contained the following spells:

 Spells                   Type           Power        Failure   Level  Hunger
 Infusion                 Chrm           #...         12%         1    ##.....
 Shroud of Golubria       Chrm/Tloc      #.....       24%         2    ###....
 Beastly Appendage        Tmut           #.....       43%         1    ##.....
 Confusing Touch          Hex            #.....       43%         1    ##.....
 Magic Dart               Conj           #...         43%         1    ##.....
 Summon Butterflies       Summ           #.......     43%         1    ##.....
 Gell's Gravitas          Tloc           #.........   52%         3    ####...
 Lesser Beckoning         Tloc           #.........   52%         3    ####...
 Teleport Other           Tloc           #.......     52%         3    ####...
 Call Imp                 Summ           #.......     56%         2    ###....
 Poisonous Vapours        Pois/Air       #.....       56%         2    ###....
 Slow                     Hex            #.......     56%         2    ###....
 Sticks to Snakes         Tmut           #.......     56%         2    ###....
 Sublimation of Blood     Necr           #.........   56%         2    ###....
 Call Canine Familiar     Summ           #.......     78%         3    ####...
 Confuse                  Hex            #.......     78%         3    ####...
 Conjure Flame            Conj/Fire      #.......     78%         3    ####...
 Ignite Poison            Fire/Tmut/Pois #.......     78%         3    ####...
 Mephitic Cloud           Conj/Pois/Air  #.......     78%         3    ####...
 Spider Form              Tmut/Pois      #.........   78%         3    ####...
 Summon Guardian Golem    Hex/Summ       #.......     78%         3    ####...
 Passage of Golubria      Tloc           N/A          89%         4    #####..
 Ice Form                 Ice/Tmut       #.......     99%         4    #####..
 Petrify                  Tmut/Erth      #.......     99%         4    #####..
 Alistair's Intoxication  Tmut/Pois      #.......     100%        5    ######.
 Aura of Abjuration       Summ           #.........   100%        5    ######.
 Blade Hands              Tmut           #.........   100%        5    ######.
 Fireball                 Conj/Fire      #.........   100%        5    ######.
 Irradiate                Conj/Tmut      #.........   100%        5    ######.
 Metabolic Englaciation   Hex/Ice        #.........   100%        5    ######.
 Summon Demon             Summ           #.........   100%        5    ######.
 Yara's Violent Unravell  Hex/Tmut       #.........   100%        5    ######.
 Bolt of Fire             Conj/Fire      #.........   100%        6    #######
 Freezing Cloud           Conj/Ice/Air   #.........   100%        6    #######
 Hydra Form               Tmut           #.........   100%        6    #######
 Statue Form              Tmut/Erth      #........    100%        6    #######
 Dragon Form              Tmut           #.........   100%        7    #######
 Ring of Flames           Chrm/Fire      #.........   100%        7    #######
 Ignition                 Fire           #.........   100%        8    #######


Dungeon Overview and Level Annotations

Branches:
Dungeon (15/15)            Temple (1/1) D:7            Lair (6/6) D:8
 Shoals (0/4) Lair:2        Snake (4/4) Lair:4        Slime (0/5) Lair:6
    Orc (2/2) D:11            Elf (0/3) Orc:2        Vaults (1/5) D:14
 Depths (0/5) D:15        Ossuary (visited)          Bailey (visited)
 WizLab (visited)

Altars:
Ashenzari
Cheibriados
Dithmenos
Elyvilon
Fedhas
Gozag
Hepliaklqana
Kikubaaqudgha
Makhleb
Nemelex Xobeh
Okawaru
Qazlal
Ru
Sif Muna
Trog
Uskayaw
Vehumet
Wu Jian
Xom
Yredelemnul
Zin
The Shining One
Jiyva

Shops:
D:4 :   D:9 ?*?   D:10 [   Orc:2 }=[?   Snake:3 =}=

Annotations:
D:2 exclusion: downstairs
D:4 2 transporters, MisterT's ghost, amateur OgFE
D:8 exclusion: downstairs
D:13 6 runed translucent doors, exclusions: door and 2 downstairs, Ijiprowk's ghost, journeyman NaGl; Kokhlaf's ghost, journeyman DECj
Snake:1 2 transporters, Ciageutz's ghost, journeyman GnWz
Vaults:1 Frederick


Innate Abilities, Weirdness & Mutations

You revert to your normal form in water.
You are very nimble and swift while swimming.
You are very stealthy in the water. (Stealth+)
Your life essence is reduced to manifest your ancestor. (-10% HP)
Your mind is acute. (Int +2)
Your flesh is heat resistant. (rF+)
You are resistant to hostile enchantments. (MR+)
Potions are less effective at restoring your health.


Message History

The spellforged servitor casts a spell at you.
The bolt of cold hits you!!
* * * LOW HITPOINT WARNING * * *
You hit Frederick. You freeze Frederick.
Frederick is almost dead.
The spellforged servitor hums quietly as it recharges.
You puncture Frederick! You freeze Frederick.
Frederick is almost dead.
The spellforged servitor hums quietly as it recharges.
Frederick hits you with a +0 vampiric broad axe!
* * * LOW HITPOINT WARNING * * *
Frederick draws strength from your wounds!
Unknown command.
Okay, then.
You puncture Frederick! You freeze Frederick.
Frederick is almost dead.
The spellforged servitor hums quietly as it recharges.
The tengu reaver points at you and mumbles some strange words.
The bolt of magma hits you!! You partially resist.
You die...

**,* #.......#
#....,..*,,,,,*, *,,*
#.......# #Q*###..#,,,,,*,
,,,* #.......#
#..#(#..#,,,,,*, ,,,*
#.......# #..###..+,,,,,*,
*,,* #.......#
#.......*,,,,,*, ,,**
#.......# #.....,,*,,,,,*,
,,*
####'########ยง'#*****,,,,,*,
,,* #...........Q*.# *,,,,,**
,,* #.....#....@@{.# *,,,,,,,
*** #.#.#)#.#.#8#..# *,,,,,,,
#.....#........# ********
#........#.....# *,,,
#..#.#.#.#.#.#.# *,,,
#........#.....# ********,,,
#.,............# *,,,,,,*,,,
**###+########## *,,,,,,*,,,
*,,,,,,,,,* *,,,,,,*,,,


You could see Frederick, a tengu reaver, a spellforged servitor, a +5 triple
sword and a battlesphere.

Vanquished Creatures
  A Hellbinder (WizLab)
  9 nagarajas
  A fire giant (D:15)
  A cacodemon (WizLab)
  2 balrugs (WizLab)
  A stone giant (Orc:1)
  Josephine (D:14)
  10 naga warriors
  A fire dragon (D:9)
  An ice dragon (D:14)
  6 vault guards
  5 centaur warriors
  2 catoblepae (Lair:6)
  5 hydras
  A hell beast (WizLab)
  6 anacondas
  A death knight (D:14)
  8 two-headed ogres
  A tengu warrior (D:14)
  14 death yaks
  4 orc high priests (Orc:2)
  6 naga sharpshooters
  A deep troll earth mage (D:11)
  Urug (Lair:6)
  5 shock serpents
  A sun demon (WizLab)
  Sonja (Lair:4)
  3 salamander mystics
  Nergalle (D:10)
  3 skeletal warriors (Vaults:1)
  10 sea snakes (Snake:2)
  An unseen horror (D:14)
  A shadow demon (WizLab)
  3 phantasmal warriors (D:13)
  3 naga ritualists
  2 orc knights
  3 mana vipers
  7 ugly things
  2 deep elf magi
  2 orc sorcerers (Orc:2)
  4 cyclopes
  2 manticores (Lair:6)
  10 salamanders
  12 black mambas
  A rust devil (WizLab)
  11 guardian serpents
  11 naga magi
  3 smoke demons (WizLab)
  A vault sentinel (Vaults:1)
  A gargoyle (D:11)
  2 orange demons (WizLab)
  5 spiny frogs
  4 hellions (WizLab)
  5 rime drakes
  8 komodo dragons
  A kobold demonologist (D:14)
  A freezing wraith (D:13)
  A red devil (WizLab)
  2 polar bears
  A tengu conjurer (D:9)
  4 trolls
  Grinder (D:4)
  3 slime creatures
  22 blink frogs
  3 dream sheep (Lair:6)
  9 hippogriffs
  3 shadows
  A centaur simulacrum (D:9)
  A ynoxinul (WizLab)
  8 wraiths
  A human (D:7)
  47 yaks
  2 fire elementals (D:13)
  3 hogs (D:7)
  6 basilisks
  2 chaos spawn (WizLab)
  A neqoxec (WizLab)
  2 wyverns
  2 hungry ghosts
  Menkaure (D:5)
  2 steam dragons
  3 vampire mosquitoes (D:13)
  A swamp worm (shapeshifter) (D:14)
  33 nagas
  A soldier ant (D:12)
  15 water moccasins
  10 porcupines
  15 orc warriors
  6 sky beasts
  2 ice beasts
  A phantom (D:10)
  An eye of draining (D:9)
  2 black bears
  2 necrophages
  15 ogres
  27 centaurs
  9 wolves
  10 crocodiles
  5 big kobolds
  14 bullfrogs
  11 gnoll sergeants
  A water moccasin zombie (D:7)
  2 scorpions
  3 wyvern skeletons
  8 killer bees
  2 howler monkeys (D:8)
  3 lava snakes (Snake:4)
  10 wights
  7 crimson imps
  2 centaur zombies
  11 hounds
  5 jellies
  2 centaur skeletons
  27 orc priests
  7 gnoll shamans
  4 iguanas
  28 orc wizards
  14 worker ants
  A hound zombie (D:11)
  2 hound skeletons (D:6)
  A worker ant zombie (D:6)
  22 gnolls
  10 adders
  2 shadow imps
  An ooze (D:2)
  2 adder zombies
  2 adder skeletons
  A worm (D:3)
  2 dart slugs
  5 leopard geckos
  75 orcs
  2 ball pythons
  4 bats (D:1)
  9 giant cockroaches
  11 goblins
  10 hobgoblins
  11 jackals
  4 quokkas
  3 ball python skeletons (Ossuary)
  5 frilled lizards
  A hobgoblin zombie (Ossuary)
  A jackal skeleton (D:4)
  28 kobolds
  A leopard gecko skeleton (D:9)
  An orc skeleton (Ossuary)
  2 orc zombies (Ossuary)
  A quokka skeleton (D:5)
  7 rats
893 creatures vanquished.

Vanquished Creatures (collateral kills)
  Agnes (Snake:1)
  5 nagarajas (Snake:4)
  Aizul (Snake:1)
  A cacodemon (WizLab)
  A balrug (WizLab)
  A black sun (WizLab)
  A naga warrior (Snake:4)
  3 hydras
  A catoblepas (Lair:6)
  2 vault guards
  3 anacondas
  An ogre mage (D:15)
  3 naga sharpshooters
  A shock serpent (Snake:4)
  A soul eater (WizLab)
  A sea snake (shapeshifter) (D:13)
  A sea snake (Snake:2)
  A salamander mystic (Snake:2)
  2 naga ritualists (Snake:2)
  An ironbrand convoker (Vaults:1)
  A mana viper (Snake:2)
  A cyclops (D:14)
  A rust devil (WizLab)
  2 slime creatures (Vaults:1)
  2 centaur zombies (D:15)
  3 salamanders
  6 naga magi
  A smoke demon (WizLab)
  8 black mambas
  2 guardian serpents (Snake:4)
  An orange demon (WizLab)
  An efreet (D:11)
  A hellwing (WizLab)
  An ice devil (WizLab)
  3 trolls
  2 blink frogs (Lair:5)
  3 dream sheep (Lair:6)
  12 yaks
  A yak (shapeshifter) (D:14)
  A basilisk (D:15)
  A vampire mosquito (D:13)
  A chaos spawn (WizLab)
  A warg (Vaults:1)
  7 water moccasins
  13 nagas
  3 porcupines
  8 orc warriors
  2 ogres
  2 wolves (Lair:6)
  4 centaurs
  A gnoll sergeant (Bailey)
  2 wights
  A hound (D:12)
  4 orc priests
  2 centaur skeletons
  8 orc wizards
  2 worker ants
  A hound skeleton (D:8)
  2 adders
  3 gnolls
  A shadow imp (D:13)
  A leopard gecko (D:9)
  15 orcs
  4 kobolds
  A plant (Snake:2)
175 creatures vanquished.

Vanquished Creatures (others)
  A nagaraja (Snake:4)
  A naga mage (Snake:4)
  A slime creature (D:12)
  A big kobold (D:11)
  3 ancestors
  11 knights
  A gnoll (D:11)
  An orc (D:11)
  6 fungi
  20 plants
  4 withered plants (D:13)
50 creatures vanquished.

Grand Total: 1118 creatures vanquished

Notes
Turn   | Place    | Note
-------+----------+-------------------------------------------
     0 | D:1      | hyesun the Merfolk Gladiator began the quest for the Orb.
     0 | D:1      | Reached XP level 1. HP: 16/16 MP: 1/1
   130 | D:1      | Reached XP level 2. HP: 22/22 MP: 2/2
   396 | D:1      | Reached skill level 1 in Armour
   495 | D:1      | Reached skill level 5 in Polearms
   523 | D:1      | Reached XP level 3. HP: 27/27 MP: 3/3
  1625 | D:2      | Reached XP level 4. HP: 34/34 MP: 4/4
  1653 | D:2      | Found a snail-covered altar of Cheibriados.
  2439 | D:3      | Reached XP level 5. HP: 21/39 MP: 5/5
  3062 | D:3      | Reached XP level 6. HP: 38/46 MP: 6/6
  3314 | D:4      | Noticed a +0 hand axe
  3314 | D:4      | Noticed a +0 hand axe
  3315 | D:4      | Found a blossoming altar of Fedhas.
  3363 | D:4      | Found a hide-covered altar of Uskayaw.
  3557 | D:4      | Reached skill level 3 in Fighting
  3739 | D:3      | Reached XP level 7. HP: 34/52 MP: 7/7
  3947 | D:4      | Noticed MisterT's ghost (amateur OgFE)
  3949 | D:4      | Found a transporter.
  3949 | D:4      | Identified the +2 great mace "Wibyecs" {freeze, rPois}
  3955 | D:4      | Found a transporter.
  4221 | D:4      | Noticed Grinder
  4265 | D:4      | Paralysed by Grinder for 4 turns
  4278 | D:4      | Killed Grinder
  4278 | D:4      | Reached XP level 8. HP: 31/60 MP: 8/8
  4453 | D:4      | Found Xahen's Book Shoppe.
  4762 | D:5      | Entered Level 5 of the Dungeon
  4968 | D:5      | Found a sparkling altar of Nemelex Xobeh.
  4968 | D:5      | Found an opulent altar of Gozag.
  4986 | D:5      | Reached skill level 4 in Fighting
  5097 | D:5      | Gained mutation: Your flesh is heat resistant. (rF+)
                  | [potion of mutation]
  5097 | D:5      | Gained mutation: Potions are less effective at restoring
                  | your health. [potion of mutation]
  5097 | D:5      | Gained mutation: Your mind is acute. (Int +2) [potion of
                  | mutation]
  5097 | D:5      | Gained mutation: You are resistant to hostile enchantments.
                  | (MR+) [potion of mutation]
  5449 | D:5      | Noticed Menkaure
  5470 | D:5      | Killed Menkaure
  5545 | D:5      | Reached skill level 5 in Throwing
  5687 | D:5      | Found a glowing golden altar of the Shining One.
  5729 | D:5      | Reached skill level 10 in Polearms
  5981 | D:6      | You fall into a shaft and drop 3 floors!
  5994 | D:9      | Found an ornate altar of the Wu Jian Council.
  6002 | D:9      | Reached XP level 9. HP: 44/66 MP: 5/9
  6229 | D:6      | Found a sand-covered staircase.
  6238 | Ossuary  | Entered an ossuary
  6437 | Ossuary  | Reached skill level 5 in Armour
  6603 | Ossuary  | Reached skill level 5 in Fighting
  7807 | D:6      | Reached XP level 10. HP: 76/76 MP: 10/10
  8093 | D:7      | Found a blossoming altar of Fedhas.
  8173 | D:7      | Reached skill level 6 in Fighting
  8525 | D:7      | Found a staircase to the Ecumenical Temple.
  8535 | Temple   | Entered the Ecumenical Temple
  8651 | Temple   | Became a worshipper of Hepliaklqana the Forgotten
  9076 | D:8      | Found a sacrificial altar of Ru.
  9125 | D:8      | Reached skill level 1 in Shields
  9480 | D:8      | Found a staircase to the Lair.
  9579 | D:8      | Found a shattered altar of Ashenzari.
  9627 | D:8      | Noticed a two-headed ogre
  9639 | D:8      | Reached skill level 7 in Fighting
  9659 | D:8      | Killed a two-headed ogre
  9659 | D:8      | Reached XP level 11. HP: 75/75 MP: 11/11
  9696 | D:8      | Got a smoking copper ring
  9858 | D:8      | Found a white marble altar of Elyvilon.
  9858 | D:8      | Found an ancient bone altar of Kikubaaqudgha.
  9897 | D:8      | Found a bloodstained altar of Trog.
 10076 | D:8      | Identified the ring "Mesump" {*Tele rPois rC+ Str+3 Dex-3}
                  | (You found it on level 8 of the Dungeon)
 10120 | D:9      | Noticed a centaur warrior
 10132 | D:9      | Killed a centaur warrior
 10132 | D:9      | Reached skill level 8 in Fighting
 10133 | D:9      | Found a sacrificial altar of Ru.
 10133 | D:9      | Noticed a fire dragon
 10183 | D:9      | Found Oqipsanu's Magic Scroll Emporium.
 10187 | D:9      | Bought a scroll of brand weapon for 300 gold pieces
 10189 | D:9      | Reached * piety under Hepliaklqana
 10275 | D:9      | Killed a fire dragon
 10342 | D:9      | Found an ancient bone altar of Kikubaaqudgha.
 10499 | D:9      | Found a glowing silver altar of Zin.
 10785 | D:9      | Found Kuphuiw's Magic Scroll Emporium.
 10856 | D:9      | Found a shimmering blue altar of Sif Muna.
 10867 | D:9      | Found Viasumul's Assorted Antiques.
 10899 | D:9      | Bought a bubbling purple potion for 20 gold pieces
 10968 | D:10     | Entered Level 10 of the Dungeon
 11004 | D:10     | Reached ** piety under Hepliaklqana
 11140 | D:10     | Remembered your ancestor Tiberia as a knight
 11233 | D:10     | Reached skill level 9 in Fighting
 11326 | D:10     | Noticed Nergalle
 11327 | D:10     | Found Oteuw's Antique Armour Boutique.
 11332 | D:10     | Killed Nergalle
 11414 | D:10     | Noticed a two-headed ogre
 11425 | D:10     | Killed a two-headed ogre
 11630 | D:11     | Noticed a cyclops
 11642 | D:10     | Reached skill level 5 in Shields
 11699 | D:11     | Killed a cyclops
 11732 | D:11     | Reached XP level 12. HP: 67/86 MP: 9/12
 11759 | D:11     | Noticed a seven-headed hydra
 11933 | D:11     | Killed a seven-headed hydra
 12128 | D:11     | Found a stormy altar of Qazlal.
 12155 | D:11     | Noticed a fire giant
 12155 | D:11     | Noticed a deep troll earth mage
 12163 | D:11     | Killed a deep troll earth mage
 12184 | D:11     | Noticed a two-headed ogre
 12203 | D:11     | Reached skill level 10 in Fighting
 12238 | D:11     | Identified the +1 ring mail of Tenacity {rC+ MR++ Str-4
                  | Slay+2} (You found it on level 11 of the Dungeon)
 12440 | D:11     | Killed a two-headed ogre
 12512 | D:11     | Found a staircase to the Orcish Mines.
 12567 | D:11     | Banished a fire giant
 12748 | D:12     | Reached skill level 1 in Evocations
 12955 | D:12     | Found a shimmering altar of Xom.
 13346 | D:12     | Reached *** piety under Hepliaklqana
 13591 | D:13     | Reached skill level 10 in Armour
 13670 | D:13     | Found a flagged portal.
 13687 | Bailey   | Entered a bailey
 14166 | D:13     | Reached XP level 13. HP: 93/93 MP: 13/13
 14315 | D:13     | Reached skill level 11 in Fighting
 14354 | D:13     | Found a runed translucent door.
 14356 | D:13     | Found a runed translucent door.
 14358 | D:13     | Found a runed translucent door.
 14358 | D:13     | Noticed a frost giant
 14615 | D:13     | Found a runed translucent gate.
 14615 | D:13     | Found a runed translucent gate.
 14616 | D:13     | Found a runed translucent gate.
 14616 | D:13     | Noticed Ijiprowk's ghost (journeyman NaGl)
 14616 | D:13     | Noticed Kokhlaf's ghost (journeyman DECj)
 15060 | D:14     | Reached **** piety under Hepliaklqana
 15060 | D:14     | Noticed Josephine
 15339 | D:14     | Noticed a vault guard
 15339 | D:14     | Noticed a vault guard
 15339 | D:14     | Noticed a vault guard
 15381 | D:13     | Killed a vault guard
 15444 | D:13     | Killed a vault guard
 15495 | D:14     | Noticed a vault guard
 15506 | D:14     | Killed a vault guard
 15506 | D:14     | Reached skill level 12 in Fighting
 15526 | D:14     | Noticed a vault guard
 15539 | D:13     | Killed a vault guard
 15869 | D:14     | Killed a vault guard
 15993 | D:14     | Reached skill level 1 in Invocations
 16575 | D:14     | Reached XP level 14. HP: 104/104 MP: 15/15
 16606 | D:14     | Reached skill level 10 in Shields
 16738 | D:14     | Identified the +2 leather armour of the Orb Guardian
                  | {Str+8}
 16749 | D:14     | Killed Josephine
 16894 | D:14     | Reached skill level 13 in Fighting
 16923 | D:14     | Found a gate to the Vaults.
 17089 | Lair:1   | Entered Level 1 of the Lair of Beasts
 17345 | Lair:1   | Reached ***** piety under Hepliaklqana
 17373 | Lair:1   | Found the +8 whip "Snakebite" {curare, rPois}
 18454 | Lair:2   | Found a staircase to the Shoals.
 20245 | Lair:4   | Found a staircase to the Snake Pit.
 20345 | Lair:4   | Noticed Sonja
 20353 | Lair:4   | Killed Sonja
 20360 | Lair:4   | Identified 2 scrolls of acquirement
 20863 | Lair:5   | Identified the +7 fustibalus of Ragnarok {velocity, rF+
                  | Str+4} (You found it on level 5 of the Lair of Beasts)
 21036 | Lair:5   | Reached skill level 14 in Fighting
 21127 | Lair:5   | Reached XP level 15. HP: 93/113 MP: 18/18
 21634 | Lair:5   | Reached ****** piety under Hepliaklqana
 21840 | Lair:6   | Entered Level 6 of the Lair of Beasts
 21840 | Lair:6   | Found a staircase to the Slime Pits.
 21840 | Lair:6   | Found a viscous altar of Jiyva.
 22092 | Lair:6   | Reached skill level 5 in Invocations
 22404 | Lair:6   | Noticed Urug
 22418 | Lair:6   | Killed Urug
 22816 | Lair:6   | Reached skill level 15 in Fighting
 23732 | D:10     | Bought a translucent chain mail for 304 gold pieces
 23732 | D:10     | Identified the +7 chain mail of Quantum Leap {rPois rF+
                  | Str+3 Dex-2} (You bought it in a shop on level 10 of the
                  | Dungeon)
 23807 | Orc:1    | Entered Level 1 of the Orcish Mines
 24041 | Orc:2    | Entered Level 2 of the Orcish Mines
 24666 | Orc:2    | Found a staircase to the Elven Halls.
 24752 | Orc:2    | Found Qaplury's Gadget Shop.
 24753 | Orc:2    | Found Icwuup's Antique Armour Boutique.
 24754 | Orc:2    | Found Ilume's Magic Scroll Boutique.
 24760 | Orc:2    | Found Segeur's Jewellery Shop.
 25373 | D:4      | Bought a book of Battle for 400 gold pieces
 25376 | D:4      | Learned a level 2 spell: Blink
 25379 | D:4      | Learned a level 2 spell: Song of Slaying
 25383 | D:4      | Learned a level 3 spell: Regeneration
 25387 | D:4      | Learned a level 3 spell: Spectral Weapon
 25753 | D:15     | Entered Level 15 of the Dungeon
 25775 | D:15     | Reached XP level 16. HP: 122/122 MP: 20/20
 25930 | D:15     | Found a staircase to the Depths.
 27229 | Snake:1  | Entered Level 1 of the Snake Pit
 27234 | Snake:1  | Found a transporter.
 27236 | Snake:1  | Noticed Agnes
 27245 | Snake:1  | Killed Agnes
 27248 | Snake:1  | Noticed Ciageutz's ghost (journeyman GnWz)
 27281 | Snake:1  | Reached skill level 16 in Fighting
 27476 | Snake:1  | Noticed Aizul
 27489 | Snake:1  | Killed Aizul
 27896 | Snake:1  | Found a transporter.
 28969 | Snake:2  | Noticed a nagaraja
 28980 | Snake:2  | Killed a nagaraja
 30743 | Snake:3  | Reached XP level 17. HP: 117/131 MP: 22/22
 31499 | Snake:3  | Reached skill level 17 in Fighting
 31698 | Snake:3  | Found Venityali's Jewellery Shoppe.
 31699 | Snake:3  | Found Loabrotu's Gadget Boutique.
 31700 | Snake:3  | Found Egeuxtop's Jewellery Shoppe.
 31710 | Snake:3  | Bought the ring of Law {Wiz rN++} for 902 gold pieces
 32090 | Snake:4  | Entered Level 4 of the Snake Pit
 35529 | Snake:4  | Reached XP level 18. HP: 91/140 MP: 22/24
 35531 | Snake:4  | Reached skill level 15 in Shields
 35531 | Snake:4  | Reached skill level 1 in Charms
 36033 | Snake:4  | Reached skill level 1 in Spellcasting
 36038 | Snake:4  | Reached skill level 18 in Fighting
 36261 | Snake:4  | Got a serpentine rune of Zot
 36935 | Vaults:1 | Entered Level 1 of the Vaults
 37168 | Vaults:1 | Found a magical portal.
 37357 | WizLab   | Reached skill level 1 in Translocations
 38033 | WizLab   | Identified the ring of Uzucis {rC+ rCorr Str+5 Int+3
                  | Slay-2}
 38529 | WizLab   | Found a burning altar of Makhleb.
 38551 | WizLab   | Noticed Miwuimoa
 38561 | WizLab   | Killed Miwuimoa the Hellbinder
 38761 | WizLab   | Identified the Grimoire of the Escort
 38768 | WizLab   | Got a heavily runed iron ring
 38769 | WizLab   | Identified the ring of Seoso {rPois rF+ MP+9 AC+3} (You
                  | found it in a wizard's laboratory)
 38946 | Vaults:1 | Noticed Frederick
 38985 | Vaults:1 | Killed from afar by a tengu reaver

Levels and vault maps discovered:
D:1:      psy_arrival_dodecagon, layout_basic, serial_bayou,
          serial_bayou_pond_c, serial_bayou_pond_b, serial_bayou_lagoon_a,
          serial_bayou_ford_a, minmay_distorted
D:2:      layout_basic, lemuel_coloured_pillars_altar
D:3:      layout_rooms, first_ration
D:4:      layout_basic, dancing_weapons_uskayaw, fedhas_bush_and_centaur_altar,
          serial_shops, kennysheep_mini, gammafunk_ghost_smash, uniq_grinder
D:5:      layout_basic, grunt_temple_overflow_opulence, tso_altar, uniq_menkaure
D:6:      layout_rooms, nicolae_ossuary_entry_ruins
D:7:      layout_loops_ring, minmay_temple_entry_antechambers, basic_altar,
          grunt_livestock
D:8:      layout_loops_ring, gammafunk_temple_overflow_elements,
          marbit_many_paths, lemuel_round_altar, david_lair_shrubbed,
          minivault_4, cheibrodos_ashenzari_chains
D:9:      layout_loops_ring, kennysheep_little_box, led_sif_pool,
          overflow_temple_1_default, serial_shops, nicolae_shop_behind_doors,
          shop, shop, jmf_multi_god_temple
D:10:     layout_rooms, serial_shops, shop, uniq_nergalle
D:11:     minmay_shrinking_squares, layout_rooms,
          kennysheep_orc_monster_closet_entryway, minmay_fountain_box,
          nicolae_qazlal_general_emergency
D:12:     layout_roguey, lemuel_altar_in_water
D:13:     minmay_the_grid_four_pointed_star_mashed
          [minmay_the_grid_triangle_9x9_fully_insulated_deathbox,
          minmay_the_grid_triangle_9x9_corrupted_corridor,
          minmay_the_grid_triangle_9x9_minimal,
          minmay_the_grid_triangle_9x9_pentomino_pain,
          minmay_the_grid_prize_four_corners_diamond_b], layout_basic,
          enter_bailey_3, gammafunk_ghost_cemetery, solitary_fountain
D:14:     layout_irregular_city, erik_vaults_2, uniq_josephine
D:15:     grunt_enter_depths_giant_problem, layout_layer_cave,
          minmay_misc_feat_alley, st_stairs_7
Temple:   kb_temple_of_zot
Lair:1:   minmay_guarded_unrand_snakebite, layout_gridlike, serial_bayou_shore_a
Lair:2:   layout_misc_corridors, elwin_shoals_entry_rooms, serial_rivers,
          chequers_serial_rivers_marsh, chequers_serial_rivers_small_a,
          chequers_serial_rivers_small_a, chequers_serial_rivers_micro_b,
          chequers_serial_rivers_small_3, infiniplex_staircase_pool_2
Lair:3:   layout_cave_pods
Lair:4:   layout_misc_corridors, guppyfry_snake_entry_garden, uniq_sonja
Lair:5:   layout_gridlike, grunt_megastairs_3, lemuel_fruit_tree
Lair:6:   evilmike_catoblepas_cave, layout_long_grid, slime_altar_1,
          serial_rivers, chequers_serial_rivers_small_b,
          chequers_serial_rivers_large_a, chequers_serial_rivers_small_3,
          chequers_serial_rivers_large_b, chequers_serial_rivers_small_b,
          patterned_corridor, uniq_urug
Snake:1:  layout_layer_cave, gammafunk_ghost_arena, uniq_agnes, uniq_aizul
Snake:2:  layout_grid_shapes, grunt_ministairs_4, serial_bayou_lagoon_b,
          serial_bayou_shore_b
Snake:3:  layout_chambers, special_room, nrook_guardian_serpent_ordinary,
          minmay_shop_grove
Snake:4:  snake_hunt, layout_onion, st_stairs_1, drop_trap,
          nicolae_snake_lava_pool, grunt_megastairs_1
Orc:1:    layout_caves
Orc:2:    st_orc_mages, layout_caves
Vaults:1: sword_in_stone, dpeg_vaults_monster_row, hangedman_vaults_restitches,
          ontoclasm_vaults_claustrophobia, hangedman_vaults_river_flow,
          v_misc_11, ontoclasm_vaults_chip, hangedman_vaults_maws,
          grunt_vaults_hallway_long, layout_vaults_omnibox, mu_enter_wizlab_4

Skill      XL: |  1  2  3  4  5  6  7  8  9 10 11 12 13 14 15 16 17 18 |
---------------+-------------------------------------------------------+-----
Armour         | 1 2 3 4 6 7 8 10 11 12 13 14 | 14.0
Polearms       | 5 6 7 9 10 12 14 | 14.0
Fighting       | 3 4 5 7 9 10 12 14 15 16 17 18 | 18.6
Throwing       | 3 4 5 6 7 |  7.0
Shields        | 3 5 8 9 10 12 13 14 15 | 15.0
Evocations     | 1 |  1.5
Invocations    | 1 4 6 7 8 |  8.4
Charms         | 3 |  3.4
Spellcasting   | 2 |  2.6
Translocations | 1 |  1.8
Dodging        | |  4.0
Stealth        | |  0.2

Action                   |  1- 3 |  4- 6 |  7- 9 | 10-12 | 13-15 | 16-18 || total
-------------------------+-------+-------+-------+-------+-------+-------++-------
Melee: Trident           |   113 |   196 |   480 |   944 |  1254 |  1146 ||  4133
       Tailslap          |       |       |       |       |     1 |       ||     1
Throw: Dart              |       |    30 |    44 |    15 |    34 |     6 ||   129
       Boomerang         |       |       |    16 |       |    12 |    19 ||    47
 Cast: Song of Slaying   |       |       |       |       |       |     1 ||     1
Invok: Ancestor Life: Kn |       |       |       |     1 |       |       ||     1
       Recall Ancestor   |       |       |       |       |     4 |     6 ||    10
       Idealise          |       |       |       |       |       |    11 ||    11
       Transference      |       |       |       |       |       |     1 ||     1
Evoke: Wand              |       |       |       |     2 |     1 |     1 ||     4
  Use: Potion            |       |     1 |     3 |     1 |       |     4 ||     9
       Scroll            |       |       |    15 |    16 |     9 |     6 ||    46
 Stab: Sleeping          |     2 |       |       |       |       |       ||     2
       Distracted        |       |       |       |     5 |     7 |    12 ||    24
       Paralysed         |       |       |       |       |     1 |       ||     1
       Petrified         |       |       |       |       |     5 |       ||     5
  Eat: Chunk             |     2 |     7 |     7 |    21 |    32 |    15 ||    84
       Ration            |       |       |     2 |       |     2 |     8 ||    12
Armor: Leather armour    |    10 |       |       |       |       |       ||    10
       Ring mail         |    12 |     4 |       |       |       |       ||    16
       Plate armour      |       |    92 |   231 |   218 |   165 |       ||   706
       Chain mail        |       |       |       |       |    30 |   259 ||   289
Dodge: Dodged            |    59 |    73 |   224 |   185 |   156 |   234 ||   931
Block: Shield            |       |       |       |   208 |   238 |   476 ||   922
